[Event "*** SCC Grand Prix: Titled Tuesday Blitz"]
[Site "Chess.com"]
[Date "2020.06.23"]
[Round "1"]
[White "Spartakus1975"]
[Black "Pavel_Mir"]
[Result "1-0"]
[WhiteElo "2676"]
[BlackElo "2343"]
[TimeControl "180+1"]
[EndTime "10:08:16 PDT"]
[Termination "Spartakus1975 won by resignation"]

1. e4 e5 2. Nc3 Nc6 3. Bc4 Nf6 4. d3 Na5 5. Bb3 Nxb3 6. axb3 Bc5 7. Nge2 h6 8. Be3 d6 9. Bxc5 dxc5 10. O-O O-O 11. h3 b6 12. f4 exf4 13. Nxf4 a5 14. Qd2 Bb7 15. Rf2 Nd7 16. Raf1 Qg5 17. Nfd5 Qxd2 18. Rxd2 Bxd5 19. Nxd5 Ra7 20. Ne7+ Kh7 21. Nc6 Raa8 22. Rdf2 f6 23. Ne7 Ne5 24. Nd5 Rf7 25. g4 Rb8 26.
Kg2 c6 27. Ne3 b5 28. Kg3 Ra7 29. Nf5 a4 30. Ra1 Rba8 31. bxa4 Rxa4 32. Rxa4 Rxa4 33. b3 Ra2 34. Nd6 Rb2 35. h4 Ra2 36. Nb7 c4 37.
bxc4 bxc4 38. d4 Nd7 39. Nd6 Ra3+ 40. Rf3 Ra2 41. Rc3 Nb6 42. h5 Rb2 43. Nxc4 Na4 44. Nxb2 Nxc3 45. Kf3 Kg8 46. Ke3 Kf7 47. Kd3 Nb5 48.
c4 Nd6 49. c5 Nc8 50. Nc4 Ke6 51. Na5 Ne7 52. Nxc6 Nxc6 53. d5+ Kd7 54. dxc6+ Kxc6 55. Kc4 Kc7 56. Kd5 Kd7 57. c6+ Kc7 58. Kc5 1-0

[Event "*** SCC Grand Prix: Titled Tuesday Blitz"]
[Site "Chess.com"]
[Date "2020.06.23"]
[Round "1"]
[White "gross-aleks"]
[Black "BikingBrian"]
[Result "0-1"]
[WhiteElo "2591"]
[BlackElo "2285"]
[TimeControl "180+1"]
[EndTime "10:08:16 PDT"]
[Termination "BikingBrian won by resignation"]

1. e4 c5 2. Nf3 g6 3. c3 Bg7 4.
d4 cxd4 5. cxd4 d5 6. e5 Bg4 7. Nc3 Nc6 8. Bb5 e6 9. h3 Bxf3 10. Qxf3 Ne7 11. Bg5 O-O 12. Rd1 Qb6 13. Bxe7 Nxe7 14.
O-O a6 15. Bd3 Qxb2 16. Bb1 Rac8 17. Ne2 Nc6 18. Rd3 Na5 19. h4 Nc4 20. Rb3 Qd2 21.
Rxb7 Qh6 22. Qf4 Nd2 23. Rd1 Nxb1 24. Rdxb1 Rc2 25. R7b2 Qxf4 26. Nxf4 Rfc8 27. Nd3 Bh6 28. Nc5 Rxb2 29. Rxb2 Bf8 30. Nxa6 Rc4 31. Rd2 Ra4 32. Nb8 Bb4 33. Rc2 Kg7 34. Nc6 Ba5 35. Nxa5 Rxa5 36.
Rd2 Ra4 37. g3 f6 38. exf6+ Kxf6 39. Kg2 e5 40. dxe5+ Kxe5 41. Re2+ Kd6 42. Kf3 Kc5 43. Rc2+ Kd4 44. Rd2+ Kc4 45. Ke3 Kc5 46. Rc2+ Kd6 47.
Kd3 Ke5 48. Re2+ Kd6 49. Rb2 Ke5 50. Re2+ Kd6 51. Kc3 Kc5 52. Kb3 Rb4+ 53. Ka3 d4 54. Rb2 Rc4 55. Kb3 Rc3+ 56. Ka4 Rc4+ 57. Ka5 d3 58. a4 Rc2 59. Rb8 d2 60. Rd8 Kc4 61.
Kb6 Kc3 62. a5 Rc1 63. Rc8+ Kb2 64. Rd8 d1=Q 65. Rxd1 Rxd1 66. a6 Ra1 67. a7 Kc2 68.
f4 Kd3 69. g4 Ke4 70. f5 gxf5 71. gxf5 Kxf5 72. Kb7 Kg4 73. a8=Q Rxa8 74. Kxa8 Kxh4 75. Kb7 Kg3 76. Kc6 h5 77. Kd5 h4 78. Ke4 h3 79.
Ke3 h2 80. Ke2 h1=Q 0-1

[Event "*** SCC Grand Prix: Titled Tuesday Blitz"]
[Site "Chess.com"]
[Date "2020.06.23"]
[Round "1"]
[White "kingofkolkata"]
[Black "chess94cu"]
[Result "0-1"]
[WhiteElo "2178"]
[BlackElo "2543"]
[TimeControl "180+1"]
[EndTime "10:08:19 PDT"]
[Termination "chess94cu won by resignation"]

1. d4 Nf6 2. c4 e6 3. g3 d5 4. Nf3 Be7 5. Bg2 O-O 6. O-O dxc4 7. Qc2 a6 8. Qxc4 b5 9. Qc2 Bb7 10. Bd2 Be4 11. Qc1 Bb7 12. Qc2 Ra7 13. Ba5 Nc6 14.
Bd2 Nxd4 15. Nxd4 Bxg2 16. Nc6 Bxc6 17. Qxc6 Qd5 18. Rc1 Qh5 19. Nc3 Bd6 20. Be3 Raa8 21. a4 Ng4 22. Qg2 Nxe3 23. fxe3 Bc5 24. Nd1 Rad8 25.
axb5 axb5 26. Qf3 Qxf3 27. exf3 Bb6 28. Rc2 Rd3 29. Kf2 Rfd8 30. Ke2 h5 31. Rac1 b4 32. Rc4 Rd2+ 33. Ke1 Rxh2 34. Rxb4 Rdd2 35. Rh4 Ba5 36. Rxh2 Rxh2+ 37. Kf1 Bb6 38. Kg1 Rxb2 39. Nxb2 Bxe3+ 40. Kg2 Bxc1 41. Nd3 Ba3 42. Kf2 g6 43. Ke3 Bd6 44. g4 h4 45. Nf2 Kf8 46. Nh3 f6 47.
Ke4 Ke7 48. f4 c5 49. f5 exf5+ 50. gxf5 g5 51. Kd5 Kd7 52. Nf2 Bg3 53. Ng4 Ke7 54.
Kxc5 h3 55. Kd5 h2 56. Nxh2 Bxh2 57. Ke4 Kd6 58. Kf3 Ke5 59. Kg4 Bf4 0-1

[Event "*** SCC Grand Prix: Titled Tuesday Blitz"]
[Site "Chess.com"]
[Date "2020.06.23"]
[Round "1"]
[White "Lion-Al-Messi"]
[Black "FairChess_on_YouTube"]
[Result "0-1"]
[WhiteElo "2461"]
[BlackElo "2982"]
[TimeControl "180+1"]
[EndTime "10:08:20 PDT"]
[Termination "FairChess_on_YouTube won on time"]

1. e4 c5 2. Nf3 e6 3. d4 cxd4 4. Nxd4 Nc6 5. Nc3 Qc7 6. Be3 a6 7. Be2 Nf6 8. O-O Be7 9. Qd2 O-O 10. Rad1 d6 11. Kh1 Nxd4 12. Bxd4 b5 13. Qe3 Bb7 14. Bf3 Rac8 15. a3 Nd7 16. Qd2 Rfd8 17. Rc1 h6 18.
Be2 Nf6 19. f3 e5 20. Be3 d5 21. exd5 b4 22. axb4 Bxb4 23. Bd3 Bxc3 24. bxc3 Qxc3 25.
Qxc3 Rxc3 26. Bd2 Ra3 27. Bb4 Ra4 28. Be7 Rxd5 29. Bxf6 gxf6 30. Rb1 Bc6 31. Rb6 Rc5 32. h3 Kg7 33. Rfb1 a5 34. Ra6 e4 35. fxe4 Bxe4 36.
Bxe4 Rxe4 37. Ra1 Ree5 38. Kh2 Rg5 39. Ra2 h5 40. h4 Rge5 41. Ra8 Kg6 42. Ra6 Kf5 43.
c4 Rxc4 44. Rf2+ Ke4 45. Raxf6 Kd3 46. R6f3+ Re3 47. Rxe3+ Kxe3 48. Rxf7 Rxh4+ 49. Kg3 Rg4+ 50. Kh3 Rg5 51. Ra7 Kd3 52. Kh4 Rc5 53. Kg3 Kc3 54.
Kf4 Kb3 55. Ke3 a4 56. Kd3 Rb5 57. Re7 a3 58. Re3 a2 59. Kd4+ Kb4 60. Re1 Ra5 0-1

[Event "*** SCC Grand Prix: Titled Tuesday Blitz"]
[Site "Chess.com"]
[Date "2020.06.23"]
[Round "1"]
[White "Gabrielian_Artur"]
[Black "eightbyeightchess"]
[Result "1-0"]
[WhiteElo "2759"]
[BlackElo "2392"]
[TimeControl "180+1"]
[EndTime "10:08:20 PDT"]
[Termination "Gabrielian_Artur won on time"]

1. e4 e6 2. d4 d5 3. e5 c5 4.
c3 Qb6 5. Nf3 Bd7 6. Be2 Bb5 7.
O-O Bxe2 8. Qxe2 cxd4 9. cxd4 Nc6 10. Nc3 Nge7 11. Rd1 Nf5 12. Be3 Be7 13. Rac1 O-O 14. a3 a5 15. Qb5 Qc7 16. Qd3 Rad8 17. Na4 f6 18. exf6 Rxf6 19. Ne5 Rdf8 20. Bg5 Rg6 21.
Nxg6 hxg6 22. Bxe7 Qxe7 23. Qh3 Ncxd4 24. Nc3 b5 25.
Re1 b4 26. Nxd5 Qg5 27. f4 Qd8 28. Ne3 Qb6 29. Kh1 bxa3 30. bxa3 Rd8 31. Nxf5 Nxf5 32.
Qf3 Qb2 33. Rb1 Qa2 34. Qb3 Qf2 35. Qxe6+ Kh7 36. Qe2 Qxf4 37. Rb3 Rd2 38. Rh3+ Nh6 39. Qe3 Qd6 40. Rf3 Rd5 41. h3 Nf5 42. Qf2 Rd2 43.
Qf1 Ng3+ 44. Rxg3 Qxg3 45. Rc1 Qxa3 46. Re1 Qd6 47. Qf3 a4 48. Qg4 a3 49. Qh4+ Kg8 50.
Qc4+ Qd5 51. Qc8+ Kh7 52. Qg4 Qf5 53. Qh4+ Qh5 54. Qf4 Rd5 55. Qa4 Ra5 56. Qb3 a2 57. Qb2 Qb5 58. Qd4 Qb1 59. Qh4+ Kg8 60. Qd8+ Kh7 61. Qxa5 Qb3 62. Qd2 1-0

[Event "*** SCC Grand Prix: Titled Tuesday Blitz"]
[Site "Chess.com"]
[Date "2020.06.23"]
[Round "1"]
[White "SaqoChess_Twitch"]
[Black "youngKID"]
[Result "1/2-1/2"]
[WhiteElo "2399"]
[BlackElo "2748"]
[TimeControl "180+1"]
[EndTime "10:08:22 PDT"]
[Termination "Game drawn - insufficient material"]

1. d4 Nf6 2. c4 Nc6 3. Nc3 e5 4. dxe5 Nxe5 5. e3 Bb4 6. Bd2 Qe7 7. Be2 Bxc3 8. Bxc3 Ne4 9. Bxe5 Qxe5 10. Qd4 Qxd4 11. exd4 O-O 12. f3 Nd6 13. Kf2 Re8 14. Bd3 b6 15. Ne2 a5 16. Rhe1 Ba6 17. b3 a4 18.
Nf4 c6 19. Rxe8+ Nxe8 20. bxa4 Nd6 21. c5 bxc5 22. dxc5 Bxd3 23. Nxd3 Nc4 24. Rb1 f6 25. Rb4 Ne5 26. Nxe5 fxe5 27. Rb7 Rxa4 28. Rxd7 Rxa2+ 29. Kg3 Rc2 30. Kg4 Rxc5 31. Kf5 Rc2 32. g4 Rf2 33. Ke4 Rxh2 34. Kxe5 h6 35. Rc7 Rc2 36. f4 Kh7 37. f5 Re2+ 38. Kf4 Rf2+ 39. Kg3 Rf1 40. Kg2 Rf4 41. Kg3 Rf1 42. Rxc6 h5 43. Kh4 hxg4 44. Kxg4 Rg1+ 45. Kf4 Rf1+ 46. Ke5 Re1+ 47. Kd6 Rf1 48. Ke6 Re1+ 49. Kf7 Rf1 50. Rc5 Rf2 51. Ra5 Rf1 52. Ke6 Re1+ 53. Kd5 Kh6 54. Ra7 Kg5 55. Rf7 Rd1+ 56.
Ke4 Re1+ 57. Kf3 Rf1+ 58. Ke4 Re1+ 59. Kd3 Rf1 60. Rxg7+ Kf6 61. Rg8 Rxf5 62. Ke4 Re5+ 63. Kd4 Re7 64. Rf8+ Rf7 65. Rxf7+ Kxf7 1/2-1/2

[Event "*** SCC Grand Prix: Titled Tuesday Blitz"]
[Site "Chess.com"]
[Date "2020.06.23"]
[Round "1"]
[White "Efremov_Vlad"]
[Black "MatyChess1"]
[Result "0-1"]
[WhiteElo "2197"]
[BlackElo "2549"]
[TimeControl "180+1"]
[EndTime "10:08:23 PDT"]
[Termination "MatyChess1 won by resignation"]

1. d4 Nf6 2. c4 e6 3. Nf3 Bb4+ 4. Bd2 a5 5. a3 Bxd2+ 6. Qxd2 a4 7. Nc3 d6 8. g4 Nc6 9. Rg1 Na5 10. Qd3 Bd7 11. e4 Nb3 12. Rd1 Bc6 13. g5 Nd7 14. d5 Ndc5 15. Qe3 Bd7 16. h4 exd5 17. cxd5 O-O 18. h5 Qe7 19. Nd4 Rae8 20. Nxb3 axb3 21. f3 f5 22.
gxf6 Qxf6 23. Be2 Qh4+ 24. Kd2 Qxh5 25. Kc1 Qe5 26. Rdf1 Qf4 27. Qxf4 Rxf4 28. Rg5 g6 29. Rh1 Kg7 30. Nd1 Kf6 31. Rg2 Kg7 32. Rgh2 h5 33. Kd2 Re5 34. Ke3 Rf8 35. Nf2 c6 36. dxc6 bxc6 37.
Nd3 Nxd3 38. Kxd3 d5 39. Rg2 dxe4+ 40. fxe4 c5 41. Rhg1 Rf6 42. Bxh5 Bb5+ 43. Kc3 Rxh5 44. Rg5 Rh3+ 45. Kd2 Rc6 46. R1g3 Rh2+ 47. Rg2 Rxg2+ 48. Rxg2 Rd6+ 49. Kc1 Rd4 50. Rg3 c4 51. Re3 Kf6 52.
e5+ Ke6 53. Rg3 Kxe5 54. Rxg6 Bd7 55. Rg5+ Bf5 56. Rg8 Rg4 57. Re8+ Be6 58. Kd2 Rg2+ 59. Kc3 Rc2+ 60. Kb4 Rxb2 61. Rxe6+ Kxe6 62. Kxc4 Rb1 63. Kc3 Kd6 64. a4 0-1

[Event "*** SCC Grand Prix: Titled Tuesday Blitz"]
[Site "Chess.com"]
[Date "2020.06.23"]
[Round "1"]
[White "cholzan"]
[Black "Sven_Tica"]
[Result "0-1"]
[WhiteElo "2316"]
[BlackElo "2645"]
[TimeControl "180+1"]
[EndTime "10:08:24 PDT"]
[Termination "Sven_Tica won by resignation"]

1. d4 d5 2. c4 e6 3. Nf3 Nf6 4. g3 Be7 5. Bg2 O-O 6. O-O dxc4 7. Qc2 b5 8. b3 cxb3 9. axb3 Bb7 10. Nbd2 a6 11. Bb2 Nbd7 12. Rfc1 c5 13. dxc5 Bxc5 14. Bxf6 Qxf6 15. Ne4 Bxe4 16. Qxe4 a5 17. Qc6 Rfd8 18. Qxb5 Bb4 19. Rd1 Rab8 20. Qc6 Nc5 21. Rxd8+ Rxd8 22. Rc1 Nxb3 23. Rb1 Nd4 24. Nxd4 Qxd4 25. e3 Qf6 26.
Rc1 h5 27. Qb7 g6 28. Rc8 Kg7 29. Rxd8 Qxd8 30. Qe4 Qd1+ 31. Bf1 Bc3 32. Qc4 Qd2 33. Kg2 Qb2 34. Qb5 Qc2 35. Bd3 Qa2 36. Bc4 Qd2 37.
Qb7 Qd6 38. Qb5 Be1 39. Qb2+ Kg8 40. Bb5 Bb4 41. Ba4 Qd5+ 42. Kg1 h4 43. Qd4 Qa2 44.
Qd8+ Kg7 45. Be8 h3 46. Qd4+ Kf8 47. Bb5 Be1 48. Qh8+ Ke7 49. Qh4+ Kd6 50. Qd4+ Qd5 51. Qxd5+ Kxd5 52. f4 Kc5 53. Be8 f6 54. Bxg6 a4 55.
Bf7 Kd6 56. f5 exf5 57. Kf1 Bc3 58. Ke2 Be5 59. Kd3 Bxg3 60. Bg6 Ke5 61. e4 fxe4+ 62. Bxe4 a3 0-1

[Event "*** SCC Grand Prix: Titled Tuesday Blitz"]
[Site "Chess.com"]
[Date "2020.06.23"]
[Round "1"]
[White "otrov-11"]
[Black "exoticprincess"]
[Result "0-1"]
[WhiteElo "2399"]
[BlackElo "2782"]
[TimeControl "180+1"]
[EndTime "10:08:25 PDT"]
[Termination "exoticprincess won by resignation"]

1. Nf3 d5 2. c4 c6 3. d4 Nf6 4. Nc3 dxc4 5. a4 a5 6. e3 Bg4 7. Bxc4 e6 8. O-O Bb4 9. h3 Bh5 10. Be2 Nbd7 11. Bd2 O-O 12. Qc2 Bg6 13. Bd3 Rc8 14.
Bxg6 hxg6 15. Ne4 Qe7 16. Rac1 Nxe4 17. Qxe4 Nf6 18. Qc2 Rfd8 19. Qb3 Nd5 20. Bxb4 Qxb4 21. Qxb4 Nxb4 22. Rfd1 f6 23. Kf1 Kf7 24. Ke2 g5 25. Ne1 Na2 26. Rc5 b6 27. Rc2 Nb4 28. Rc3 Nd5 29. Rc2 Nb4 30. Rc3 Ke7 31. Nd3 Nd5 32. Rc2 Kd7 33. Rdc1 Rc7 34. Rc4 Ne7 35. R4c2 Kc8 36. Rc4 Kb7 37. R4c2 Nd5 38. Rc4 Ne7 39.
R4c2 Rcd7 40. Ne1 Rd6 41. b3 Nd5 42. Nd3 Nc7 43. Nb2 Na6 44. Nc4 R6d7 45. Rd2 Nb4 46. Rcd1 Nd5 47. Rc1 Nb4 48. Rcd1 Ka6 49. Ra1 Nd5 50.
Rc2 Nb4 51. Rd2 Rh8 52. Rb2 Kb7 53. Rd2 Rh4 54. Rb2 Rd8 55. Rd1 Kc7 56. Rbd2 g4 57. hxg4 Rxg4 58. g3 Rh8 59. Kf3 Rg5 60. Kg2 Rgh5 61.
Kf3 Rh2 62. Rc1 R8h5 63. e4 Rh8 64. Ne3 Kb7 65. d5 exd5 66. exd5 cxd5 67. Nxd5 Nc6 68. Ne3 Ne5+ 69. Ke2 Rxf2+ 70. Kxf2 Rh2+ 71. Ke1 Nf3+ 72. Kf1 Nxd2+ 73. Kg1 Nf3+ 74. Kf1 Rh1+ 0-1

[Event "*** SCC Grand Prix: Titled Tuesday Blitz"]
[Site "Chess.com"]
[Date "2020.06.23"]
[Round "1"]
[White "Orest_Vovk"]
[Black "124chess"]
[Result "1-0"]
[WhiteElo "2400"]
[BlackElo "2717"]
[TimeControl "180+1"]
[EndTime "10:08:25 PDT"]
[Termination "Orest_Vovk won by resignation"]

1. h4 e6 2. h5 d5 3. e4 dxe4 4. Nc3 f5 5. d3 exd3 6. Nf3 dxc2 7. Qxc2 Bd6 8. Bg5 Nf6 9. h6 g6 10. O-O-O O-O 11. Bc4 Nc6 12. Rhe1 Qe8 13. Nb5 Ne4 14. Rxe4 fxe4 15. Qxe4 Be7 16. Nxc7 Bxg5+ 17. Nxg5 Qe7 18. Ngxe6 Bxe6 19. Qxe6+ Kh8 20. Qxe7 Nxe7 21. Nxa8 Rxa8 22. Rd7 Nf5 23. Rxb7 Nxh6 24. Bd5 Rc8+ 25. Kb1 Rc5 26. Bf3 a5 27. a3 Nf5 28. b4 axb4 29. axb4 Rc3 30. Kb2 Rd3 31. Kc2 Ra3 32. Kb2 Rd3 33. b5 Rd2+ 34. Kc3 Rxf2 35. b6 Rf1 36. Rb8+ Kg7 37. b7 Nd6 38. Rg8+ Kxg8 39. b8=Q+ Kg7 40.
Qxd6 Rh1 41. Qd4+ Kh6 42. Qf6 Rc1+ 43. Kd2 Rh1 44. g4 Rh2+ 45. Ke3 Re2+ 46. Kd4 Rd2+ 47. Kc5 Rd5+ 48. Kc6 Rc5+ 49. Kd7 Rc7+ 50. Ke8 Rc8+ 51.
Kf7 Rf8+ 52. Ke6 Rxf6+ 53. Kxf6 g5 54. Kf5 Kg7 55. Kxg5 h6+ 56. Kh5 Kh7 57. Be4+ Kg7 58. Bd3 Kf6 59. Kxh6 Ke5 60. g5 Ke6 61. g6 1-0

[Event "*** SCC Grand Prix: Titled Tuesday Blitz"]
[Site "Chess.com"]
[Date "2020.06.23"]
[Round "1"]
[White "fischercapa"]
[Black "Fandorine"]
[Result "0-1"]
[WhiteElo "2449"]
[BlackElo "2899"]
[TimeControl "180+1"]
[EndTime "10:08:26 PDT"]
[Termination "Fandorine won by resignation"]

1. e4 e5 2. Nc3 Nf6 3. f4 d5 4.
fxe5 Nxe4 5. Qf3 Nxc3 6. dxc3 Nc6 7. Bf4 Be6 8. O-O-O Bc5 9. Ne2 Qd7 10. h3 O-O-O 11.
Nd4 Bxd4 12. cxd4 Ne7 13. g4 Kb8 14. Rg1 Rdg8 15. Bg2 Nc8 16. Kb1 Nb6 17. Rd3 a6 18. Bc1 Rf8 19. b3 h6 20. Ba3 Rd8 21. Rc1 h5 22. gxh5 Bf5 23. Re3 g6 24. hxg6 fxg6 25. Ka1 Qe6 26. c4 Rh4 27. Bc5 Re4 28. cxd5 Rxe3 29.
dxe6 Rxf3 30. Bxf3 Bxe6 31. Rg1 Bf5 32. h4 Nd5 33.
Rg5 b6 34. Ba3 Nf4 35. Bb2 Ne6 36. Rg1 Nxd4 37. Bd1 Ne6 38. a3 a5 39. h5 gxh5 40.
Bxh5 Nc5 41. Bd1 Be6 42. b4 axb4 43. axb4 Nd3 44. Bc3 Nf4 45. Bc2 Ne2 46. Re1 Nxc3 47. Kb2 Nd5 48. Bb3 Nxb4 49. Bxe6 Nd3+ 50. Kc3 Nxe1 51. Bc4 Nf3 52. e6 Ne5 53. Bb5 c6 54. Be2 Re8 55. Kd4 Rxe6 56. Bg4 Nxg4 0-1

[Event "*** SCC Grand Prix: Titled Tuesday Blitz"]
[Site "Chess.com"]
[Date "2020.06.23"]
[Round "1"]
[White "chigorin28"]
[Black "BogdanDeac"]
[Result "0-1"]
[WhiteElo "2418"]
[BlackElo "2827"]
[TimeControl "180+1"]
[EndTime "10:08:27 PDT"]
[Termination "BogdanDeac won on time"]

1. e4 c5 2. Nf3 d6 3. c3 Nf6 4. Bd3 Nc6 5. h3 d5 6. e5 Nh5 7.
O-O c4 8. Bc2 Nf4 9. d4 cxd3 10.
Bxf4 dxc2 11. Qxc2 e6 12. Rd1 Qc7 13. Nbd2 Be7 14. c4 O-O 15. cxd5 exd5 16. Rac1 Be6 17. Nb3 Rac8 18. Qd2 Qb6 19. Be3 Qa6 20. a3 b6 21.
Nbd4 Nxd4 22. Nxd4 Rxc1 23. Rxc1 Rc8 24. Nxe6 fxe6 25.
Bg5 Bf8 26. Be3 Rc4 27. Rxc4 Qxc4 28. g3 Kf7 29. h4 Ke8 30. Kh2 Kd7 31. Bf4 a5 32. Be3 Kc6 33. Qd1 Bc5 34. Bxc5 Qxc5 35. Qf3 Qd4 36. Qe2 b5 37. Qc2+ Kb6 38. Kg1 Qxe5 39.
Qxh7 Qxb2 40. Qg8 Qb1+ 41. Kh2 Qf5 42. Qb8+ Kc5 43. Qc7+ Kd4 44. Qb6+ Kc4 45. Qxa5 Qxf2+ 46. Kh3 Qf5+ 47. Kh2 e5 48. Qb4+ Kd3 49. Qxb5+ Kd4 50. Qb4+ Ke3 51. a4 Qf2+ 52. Kh3 d4 53. Qb3+ d3 54.
a5 Qf5+ 55. Kh2 Qf2+ 56. Kh3 e4 57. Qb6+ Ke2 58. Qb2+ d2 59. Qb5+ Ke1 60. Qb4 e3 61.
a6 Qf5+ 62. Kh2 Qf2+ 63. Kh3 Kf1 64. Qc4+ Kg1 0-1

[Event "*** SCC Grand Prix: Titled Tuesday Blitz"]
[Site "Chess.com"]
[Date "2020.06.23"]
[Round "1"]
[White "SilviusTiberius"]
[Black "gmcorrales"]
[Result "0-1"]
[WhiteElo "2413"]
[BlackElo "2812"]
[TimeControl "180+1"]
[EndTime "10:08:27 PDT"]
[Termination "gmcorrales won by resignation"]

1. d4 Nf6 2. Nf3 g6 3. Bf4 Bg7 4. h3 O-O 5. Bh2 d5 6. Nbd2 b6 7. e3 Bb7 8. g4 c5 9. c3 Nc6 10.
Bb5 a6 11. Bxc6 Bxc6 12. Ne5 Bb7 13. h4 Nd7 14. Qf3 Nxe5 15. Bxe5 f6 16. Bg3 e5 17. h5 cxd4 18. hxg6 hxg6 19. exd4 exd4 20. cxd4 Re8+ 21. Kf1 Qd7 22. Rc1 Rac8 23. Kg2 Rc4 24. Rhe1 Rxe1 25. Rxe1 Rxd4 26. Qe3 Rxg4 27. Qe8+ Qxe8 28. Rxe8+ Kf7 29. Rb8 Bc6 30. Rxb6 Bb5 31. Nf3 Re4 32. b3 g5 33.
a4 Be2 34. Rb7+ Kg6 35. Rb6 g4 36. Ne5+ Kf5 37. Nc6 Bf3+ 38. Kf1 Bh6 39. Rb7 Bd2 40.
Re7 Rxe7 41. Nxe7+ Ke4 42. Nc6 f5 43. b4 f4 44. Bh4 Kd3 45. b5 axb5 46. axb5 Be2+ 47. Kg1 Ke4 48. b6 g3 49. fxg3 f3 50. g4 Be3+ 51.
Bf2 Bf4 52. b7 Bb5 53. b8=Q Bxb8 54. Nxb8 d4 55. g5 d3 56. Be1 Ke3 57. g6 Ke2 58. g7 d2 59. g8=Q dxe1=Q+ 60. Kh2 Qf2+ 61. Kh3 Bd3 62. Qg3 Bf5+ 63. Kh4 Qxg3+ 64. Kxg3 f2 65. Nc6 f1=Q 66. Nd4+ Kd3 67. Nf3 Be4 68. Ng5 Qg2+ 0-1

[Event "*** SCC Grand Prix: Titled Tuesday Blitz"]
[Site "Chess.com"]
[Date "2020.06.23"]
[Round "1"]
[White "AsaHoffmann"]
[Black "RobertoJBM"]
[Result "0-1"]
[WhiteElo "2341"]
[BlackElo "2674"]
[TimeControl "180+1"]
[EndTime "10:08:28 PDT"]
[Termination "RobertoJBM won by resignation"]

1. d4 d5 2. Bg5 h6 3. Bh4 c6 4. e3 Qb6 5. Qc1 Bf5 6. Nf3 e6 7. Nbd2 Be7 8. Bg3 Nf6 9. h3 c5 10. c4 O-O 11. a3 cxd4 12. Nxd4 Bg6 13. b4 Nc6 14. c5 Qd8 15. Nb5 e5 16. Be2 a6 17.
Nc3 d4 18. Na4 dxe3 19. fxe3 Nd5 20. Nc4 Bh4 21. Bxh4 Qxh4+ 22. Kf1 Rad8 23. Nc3 Bh5 24. Nxd5 Rxd5 25. Qe1 Bxe2+ 26. Qxe2 Rfd8 27. Kg1 Rd3 28. Nd6 e4 29. Kh2 Ne5 30. Rhf1 Qe7 31. Rf4 Ng6 32. Rxe4 Qf6 33. Rf1 Qc3 34. Nxf7 Rf8 35. Qf2 Rd2 36. Qf5 Kh7 37. Rg4 Qd3 38. Qxd3 Rxd3 39. Rf3 Rxa3 40. h4 Rb3 41. h5 Nh8 42. Ng5+ Kg8 43. Rxf8+ Kxf8 44. Ne6+ Ke7 45. Nxg7 Nf7 46. Nf5+ Kf6 47. Nd4 Rxb4 48.
Rf4+ Ke7 49. c6 a5 50. cxb7 Rxb7 51. Nc6+ Ke6 52. Nxa5 Rb5 53. Nc4 Rxh5+ 54. Kg3 Rc5 55.
Nd2 Ng5 56. Nf3 Rc3 57. Nxg5+ hxg5 58. Rg4 Kf5 59. Kf3 Rxe3+ 60. Kxe3 Kxg4 61. Kf2 Kf4 62. g3+ Ke4 63. Ke2 g4 64. Kf2 Kd3 65. Kg2 Ke2 66. Kh2 Kf2 67. Kh1 Kxg3 68. Kg1 Kh3 69. Kh1 g3 70.
Kg1 g2 71. Kf2 Kh2 0-1

[Event "*** SCC Grand Prix: Titled Tuesday Blitz"]
[Site "Chess.com"]
[Date "2020.06.23"]
[Round "1"]
[White "Iskusnyh"]
[Black "Salem-AR"]
[Result "0-1"]
[WhiteElo "2454"]
[BlackElo "2924"]
[TimeControl "180+1"]
[EndTime "10:08:30 PDT"]
[Termination "Salem-AR won by resignation"]

1. d4 Nf6 2. c4 g6 3. g3 Bg7 4. Bg2 d5 5. cxd5 Nxd5 6. Nf3 Nb6 7. Nc3 Nc6 8. e3 O-O 9. O-O Re8 10. h3 Rb8 11.
Qe2 e5 12. Nxe5 Nxe5 13. dxe5 Bxe5 14. e4 Be6 15. Qc2 Qe7 16. Bh6 Qc5 17. Rac1 Rbd8 18. b3 c6 19. Kh2 Bc8 20. Be3 Bd4 21. Bxd4 Rxd4 22. Nd5 Qxc2 23. Nf6+ Kh8 24. Rxc2 Re6 25. Ng4 Nd7 26. Ne3 Nf6 27. f3 Re8 28. Rd1 Red8 29. Rxd4 Rxd4 30. Bf1 Be6 31. Kg2 Kg7 32. Kf2 Nd7 33. Be2 Kf6 34. Ng4+ Ke7 35. Ke3 c5 36. Nf2 b6 37. Nd3 a5 38. f4 Nf6 39. Bf3 Bxh3 40. Ne5 Bd7 41. Nc4 Bc6 42. Nxb6 Bxe4 43. Rxc5 Rd3+ 44. Ke2 Rxf3 45. Re5+ Kf8 46. Rxe4 Rxg3 47. Ra4 h5 48. Nc4 h4 49. Ne3 h3 50. Nf1 Rg2+ 51.
Kf3 Rg1 52. Kf2 Rg2+ 53. Kf3 Ng4 54. Rxa5 f5 55. Ra8+ Kg7 56. Ra7+ Kh6 57. Ra8 Rf2+ 58. Kg3 Rxf1 59. Kxh3 Rxf4 60. Kh4 Re4 0-1

[Event "*** SCC Grand Prix: Titled Tuesday Blitz"]
[Site "Chess.com"]
[Date "2020.06.23"]
[Round "1"]
[White "KobyKalavannan"]
[Black "smshk35"]
[Result "0-1"]
[WhiteElo "2656"]
[BlackElo "2357"]
[TimeControl "180+1"]
[EndTime "10:08:30 PDT"]
[Termination "smshk35 won by checkmate"]

1. d4 Nf6 2. c4 e6 3. Nf3 b6 4. g3 Bb7 5. Bg2 Be7 6. O-O O-O 7.
Nc3 Ne4 8. Qc2 d5 9. Rd1 f5 10. Ne5 c6 11. h4 Nd7 12. Bf4 Nxe5 13. Bxe5 Rc8 14. cxd5 cxd5 15. Rac1 Ba6 16. e3 Nxc3 17. bxc3 Bc4 18. Qb2 b5 19. Bf1 Bd6 20. Bxc4 bxc4 21. Bxd6 Qxd6 22. Qb7 Rb8 23. Qxa7 Ra8 24. Qb7 Rfb8 25.
Rb1 Rxb7 26. Rxb7 Rxa2 27. Rdb1 h6 28. h5 e5 29. R1b6 Qa3 30. Rg6 Qc1+ 31. Kg2 Rxf2+ 32. Kxf2 Qd2+ 33. Kf1 Qd1+ 34. Kf2 Qc2+ 35. Kg1 Qc1+ 36. Kh2 Qxe3 37. Rgxg7+ Kf8 38. Rgf7+ Kg8 39. Rxf5 exd4 40. Rxd5 Qe2+ 41. Kh3 Qf1+ 42. Kg4 Qe2+ 43. Kf5 Qf3+ 44. Ke6 Qe4+ 45. Kd6 dxc3 46. Kc5 Qe3+ 47. Kc6 Qe6+ 48. Rd6 Qc8+ 49. Rc7 Qe8+ 50. Kb7 c2 51. Rdd7 c1=Q 52.
Rg7+ Kf8 53. Rh7 Qe4+ 54. Kc8 Qe8+ 55. Kb7 Qb1+ 56. Ka7 Qa1+ 57. Kb7 Qea8+ 58. Kb6 Q1a6+ 59. Kc5 Qa5+ 60. Kd6 Qb4+ 61. Ke5 Qe8+ 62. Kf4 Qd2+ 63.
Kg4 Qe4+ 64. Kh3 Qdg2# 0-1

[Event "*** SCC Grand Prix: Titled Tuesday Blitz"]
[Site "Chess.com"]
[Date "2020.06.23"]
[Round "1"]
[White "jaskol95"]
[Black "Chess_Boxer123"]
[Result "1-0"]
[WhiteElo "2403"]
[BlackElo "2725"]
[TimeControl "180+1"]
[EndTime "10:08:31 PDT"]
[Termination "jaskol95 won by checkmate"]

1. d4 d5 2. Bf4 c5 3. e3 Nc6 4. c3 Bf5 5. Nd2 e6 6. Ngf3 c4 7. h3 h6 8. Be2 b5 9. O-O Bd6 10. Ne5 Nge7 11. Ndf3 O-O 12. b3 Nxe5 13. Bxe5 Ba3 14.
Qd2 Nc6 15. Bd1 b4 16. bxc4 dxc4 17. Bc2 Nxe5 18. Nxe5 Bb2 19. Bxf5 Bxc3 20. Qc2 exf5 21. Rab1 Qc8 22. Qe2 Qa6 23. Qxc4 Qxc4 24. Nxc4 a5 25. Rfd1 Ra6 26. Ne5 Rd8 27. Kf1 a4 28. Ke2 b3 29.
axb3 a3 30. Rbc1 Bb2 31. Rc2 Rb8 32. Nd7 Rxb3 33. Nc5 Rc6 34. Rcd2 Rb5 35. Nd3 Ra6 36. Nxb2 axb2 37. Rb1 Rab6 38. Rc2 Kf8 39. Rc7 g5 40. Kd2 Kg7 41. f3 Kg6 42. Rc5 Kh5 43. Rxb5 Rxb5 44.
Kc2 Kh4 45. Rxb2 Ra5 46. Kd3 Kg3 47. e4 f4 48. d5 Ra3+ 49. Kd4 Ra1 50. Ke5 Rd1 51.
Kf6 Rf1 52. Kxf7 Rf2 53. Rxf2 Kxf2 54. d6 Kxg2 55. d7 Kxf3 56. e5 Ke4 57. e6 f3 58. e7 Kf4 59. e8=Q f2 60. Qe7 Kf3 61. Qf6+ Kg2 62. d8=Q f1=Q 63. Qxf1+ Kxf1 64. Qf6+ Kg2 65. Qxh6 g4 66. hxg4 Kg3 67. g5 Kg4 68. g6 Kf5 69. g7 Ke5 70. Qf6+ Ke4 71. g8=Q Kd5 72. Qgg5+ Ke4 73.
Qff4+ Kd3 74. Qgg3+ Ke2 75. Qff2+ Kd1 76. Qgg1# 1-0

[Event "*** SCC Grand Prix: Titled Tuesday Blitz"]
[Site "Chess.com"]
[Date "2020.06.23"]
[Round "1"]
[White "Sashadav97"]
[Black "warmoatmeal"]
[Result "0-1"]
[WhiteElo "2597"]
[BlackElo "2318"]
[TimeControl "180+1"]
[EndTime "10:08:31 PDT"]
[Termination "warmoatmeal won by resignation"]

1. d4 Nf6 2. c4 e6 3. Nc3 Bb4 4. e3 O-O 5. Bd3 Re8 6. Nf3 d6 7.
O-O e5 8. Bc2 Nbd7 9. Ne2 e4 10.
Nd2 c6 11. Nb3 d5 12. c5 Ba5 13. Nxa5 Qxa5 14. Nc3 Qc7 15. f3 exf3 16. Qxf3 Nf8 17. e4 dxe4 18. Nxe4 Nxe4 19. Bxe4 Ng6 20. Bg5 Be6 21.
b3 Qd7 22. Qf2 Bd5 23. Bf5 Be6 24. Be4 Bd5 25. Bf5 Be6 26. Bc2 f6 27. Bd2 Rad8 28. Bc3 Bd5 29. Bf5 Be6 30. Bc2 Bd5 31. h3 Qe6 32.
Rae1 Qf7 33. Bd2 Rxe1 34. Rxe1 Re8 35. Rxe8+ Qxe8 36. h4 Be4 37. Qe1 f5 38. h5 Nh4 39.
Bxe4 Qxe4 40. Qf2 g6 41. hxg6 hxg6 42. Bc3 Kf7 43. Qg3 Qg4 44. Qxg4 fxg4 45. Kf2 Nf5 46. Ke2 Ke6 47. Kd3 Kd5 48. b4 Ng3 49. Be1 Ne4 50. a4 a6 51. Bh4 g5 52. Be1 g3 53. Ke3 Nf2 54. Bxf2 gxf2 55. Kxf2 Kxd4 56. Kf3 Kc4 57.
Kg4 Kxb4 58. Kxg5 Kxa4 59. Kf4 Kb5 60. g4 a5 61. g5 a4 62. g6 a3 63. g7 a2 64. g8=Q a1=Q 65. Qb3+ Ka6 66. Qc4+ Ka7 67. Ke4 Qe1+ 68. Kf3 Qd1+ 69. Ke3 Qe1+ 70. Kf3 Qa5 71. Ke3 Qb5 72. Qc3 Ka6 73. Qa3+ Qa5 74. Qc1 Qb4 75. Kd3 Kb5 76. Qc2 Qxc5 77. Qb2+ Qb4 78.
Qe5+ Kb6 79. Qe3+ Qc5 80. Qe8 Qd5+ 81. Kc3 Qa5+ 82. Kb3 Ka7 83. Qe3+ Qb6+ 84. Qxb6+ Kxb6 0-1